 Dungeon Crawl Stone Soup version 0.21-a0-426-g98080a9 (webtiles) character file.

229971 Dorkslayer the Peltast (level 19, 0/168 HPs)
             Began as a Minotaur Fighter on Nov 4, 2017.
             Was the Champion of the Shining One.
             Succumbed to poison (poison gas)
             ... on level 4 of the Swamp.
             The game lasted 02:55:26 (30363 turns).

Dorkslayer the Peltast (Minotaur Fighter)          Turns: 30363, Time: 02:55:26

Health: 0/168      AC: 38    Str: 29    XL:     19   Next: 11%
Magic:  26/26      EV: 14    Int:  9    God:    the Shining One [******]
Gold:   3697       SH: 28    Dex: 16    Spells: 18/18 levels left

rFire    + + .     SeeInvis +   N - +2 war axe (flame)
rCold    . . .     Gourm    .   K - +0 large shield {rF+}
rNeg     + + +     Faith    .   W - +2 crystal plate armour
rPois    .         Spirit   .   q - +3 crown of Dyrovepreva {rElec Int+2 SInv}
rElec    +         Reflect  +   u - +0 cloak
rCorr    .         Harm     .   v - +2 pair of gloves
MR       +....     Clarity  +   h - +2 pair of boots
Stlth    ..........             E - +3 amulet of reflection
HPRegen  0.38/turn              y - ring of Antuad Qilo {rF+ EV+4 Int+2}
MPRegen  0.20/turn              F - ring "Raso" {AC+2 Str+4}

@: lethally poisoned (0 -> -2), glowing
A: retaliatory headbutt, horns 2, clarity, screaming 1, strong 1
a: Divine Shield, Cleansing Flame, Summon Divine Warrior, Renounce Religion


You were on level 4 of the Swamp.
You worshipped the Shining One.
The Shining One was exalted by your worship.
You were not hungry.

You visited 6 branches of the dungeon, and saw 31 of its levels.
You visited the Abyss 1 time.
You also visited: Labyrinth, Sewer, Ossuary and Ice Cave.

You collected 4359 gold pieces.
You spent 662 gold pieces at shops.

Inventory:

Hand Weapons
 a - a +9 war axe of holy wrath
 N - a +2 war axe of flaming (weapon)
 T - the +11 trident "Kumal" {pierce, Str+4 Int+3}
   (You found it on level 15 of the Dungeon)

   It inflicts extra damage upon your enemies.
   It affects your strength (+4).
   It affects your intelligence (+3).
Missiles
 k - 26 tomahawks
 S - 8 javelins of penetration
 Y - 7 javelins (quivered)
Armour
 h - a +2 pair of boots (worn)
 q - the +3 crown of Dyrovepreva (worn) {rElec Int+2 SInv}
   (You found it in an ice cave)

   It affects your intelligence (+2).
   It insulates you from electricity.
   It lets you see invisible.
 u - a +0 cloak (worn)
 v - a +2 pair of gloves (worn)
 C - the +15 Maxwell's patent armour {-Cast -Tele rElec MR+ rCorr}
   (You found it on level 3 of the Swamp)

   It insulates you from electricity.
   It affects your resistance to hostile enchantments.
   It prevents spellcasting.
   It prevents most forms of teleportation.
   It protects you from acid and corrosion.
 K - a +0 large shield of fire resistance (worn)
 W - a +2 crystal plate armour (worn)
Jewellery
 y - the ring of Antuad Qilo (left hand) {rF+ EV+4 Int+2}
   (You found it on level 5 of the Dungeon)

   [ring of evasion]

   It affects your evasion (+4).
   It affects your intelligence (+2).
   It protects you from fire.
 D - an uncursed ring of resist corrosion
 E - a +3 amulet of reflection (around neck)
 F - the ring "Raso" (right hand) {AC+2 Str+4}
   (You found it on level 6 of the Dungeon)

   [ring of protection]

   It affects your AC (+2).
   It affects your strength (+4).
 Z - the ring "Tuaratiq" {rF- rC+++ MP+9 AC+4}
   (You took it off a deep elf master archer on level 3 of the Elven Halls)

   [ring of protection]

   It affects your AC (+4).
   It makes you vulnerable to fire.
   It renders you almost immune to cold.
   It affects your magic capacity (+9).
Wands
 r - a wand of disintegration (8/24)
 t - a wand of scattershot (2/9)
 z - a wand of iceblast (3/15)
 B - a wand of acid (5/15)
 H - a wand of iceblast (4/15)
 L - a wand of lightning (1/15)
Scrolls
 b - a scroll of blinking
 i - 15 scrolls of teleportation
 j - a scroll of summoning
 l - 14 scrolls of remove curse
 n - 2 scrolls of immolation
 o - 2 scrolls of identify
 P - a scroll of holy word
 V - 2 scrolls of magic mapping
Potions
 d - 4 potions of might
 p - 8 potions of flight
 w - 2 potions of berserk rage
 x - a potion of agility
 A - 6 potions of cancellation
 G - 2 potions of haste
Miscellaneous
 s - a box of beasts
 J - a lightning rod (2/4)
 M - 2 sacks of spiders
 O - a lamp of fire (inert)
 R - 2 phantom mirrors
 X - a fan of gales
Comestibles
 c - 2 royal jellies
 f - 15 bread rations
 g - 11 meat rations
 I - 10 chunks of flesh


   Skills:
 + Level 14.5 Fighting
   Level 2.6 Long Blades
 + Level 18.3 Axes
 - Level 2.3(12.6) Polearms
 + Level 8.3 Throwing
 + Level 14.1 Armour
 + Level 9.0 Dodging
 * Level 20.7 Shields
 + Level 10.9 Invocations
 * Level 11.0 Evocations


You had 18 spell levels left.
You didn't know any spells.

Dungeon Overview and Level Annotations

Branches:
Dungeon (15/15)            Temple (1/1) D:4            Lair (6/6) D:10
  Swamp (4/4) Lair:3       Spider (0/4) Lair:2        Slime (0/5) Lair:6
    Orc (2/2) D:12            Elf (3/3) Orc:2        Vaults (0/5) D:14
 Depths (0/5) D:15

Altars:
Ashenzari
Cheibriados
Dithmenos
Elyvilon
Fedhas
Gozag
Hepliaklqana
Kikubaaqudgha
Makhleb
Nemelex Xobeh
Okawaru
Qazlal
Ru
Trog
Uskayaw
Wu Jian
Xom
Yredelemnul
The Shining One

Shops:
D:6 (   Orc:2 [[!=   Elf:3 *

Portals:
Trove: Elf:2 (give 5 potions of resistance)

Annotations:
Orc:2 Nessos


Innate Abilities, Weirdness & Mutations

You reflexively headbutt those who attack you in melee.
You have a pair of horns on your head.
You possess an exceptional clarity of mind.
You occasionally shout uncontrollably at your foes.
Your muscles are strong. (Str +2)


Message History

You feel sick.
* * * LOW HITPOINT WARNING * * *
You feel sick.
* * * LOW HITPOINT WARNING * * *
You feel sick.
* * * LOW HITPOINT WARNING * * *
You feel sick.
* * * LOW HITPOINT WARNING * * *
You feel sick.
* * * LOW HITPOINT WARNING * * *
You feel sick.
* * * LOW HITPOINT WARNING * * *
You feel sick.
* * * LOW HITPOINT WARNING * * *
You feel sick.
* * * LOW HITPOINT WARNING * * *
You feel sick.
* * * LOW HITPOINT WARNING * * *
You feel sick.
You die...

#.# . ♣ ≈.D ♣.♣ ♣≈ ♣♣ ≈..≈
..≈♣♣ ♣≈♣ ♣. ≈≈#.≈ ..≈.♣♣
♣♣§♣≈♣. #≈#≈.# ..≈≈≈
♣.♣♣♣.######≈≈≈#.≈ (≈≈≈♣
♣.≈≈♣...##.≈≈≈.≈.≈ ≈≈≈≈♣
♣≈.§...†††.≈......
≈≈≈.♣♣♣♣♣....≈.)@#≈≈.##≈≈≈
≈≈≈.≈.<§♣.!.≈≈.####≈≈≈#
..≈:†.≈.≈.[≈≈♣♣.≈# ###≈≈#
.♣♣♣.)≈≈≈...♣≈≈♣♣.≈≈ ##
§♣♣≈)?[≈≈...≈≈♣♣ ♣≈
.♣♣♣≈≈†.≈.#.≈≈.♣♣
.♣≈≈.≈.≈≈....≈..♣
≈..♣≈..≈...≈.#≈..♣
≈≈.§§.[≈§≈.≈≈≈..≈≈≈


There were no monsters in sight!

Vanquished Creatures
  Mara (Elf:3)
  Nikola (Swamp:3)
  Rupert (Orc:2)
  An Ice Fiend (IceCv)
  A Hell Sentinel (Abyss:2)
  2 deep elf blademasters (Elf:3)
  2 deep elf master archers (Elf:3)
  A thorn hunter (Swamp:3)
  Agnes (D:15)
  Donald (Swamp:1)
  3 deep elf sorcerers (Elf:3)
  Aizul (Swamp:3)
  5 deep elf elementalists
  5 deep elf demonologists (Elf:3)
  A dire elephant (Lair:6)
  Azrael (Orc:2)
  A starcursed mass (Abyss:2)
  7 deep elf annihilators
  The ghost of LordChaos the Severer, a journeyman HOBe of Trog (Orc:2)
  7 deep elf death magi
  A minotaur (Lab)
  Josephine (Lair:5)
  5 deep elf high priests
  Erolcha (Orc:2)
  22 hydras
  2 catoblepae
  3 vault guards (D:14)
  4 centaur warriors
  Erica (D:8)
  9 alligators
  4 ogre magi
  10 death yaks
  17 two-headed ogres
  30 dancing weapons
  An orc high priest (Orc:1)
  2 thrashing horrors (Abyss:2)
  5 large abominations (Abyss:2)
  19 deep elf knights
  6 skeletal warriors
  Nergalle (Orc:1)
  2 spatial maelstroms (Abyss:2)
  2 deep trolls (Orc:2)
  The ghost of Caerwyn the Chopper, a novice FoFi of Makhleb (D:7)
  A fire crab (Lair:6)
  2 spriggan druids
  2 wizards (D:14)
  A phantasmal warrior (D:15)
  An unseen horror (D:15)
  12 swamp dragons
  12 deep elf archers
  2 lindwurms (Lair:6)
  4 shambling mangroves
  A wolf spider (Lair:2)
  2 orc knights (D:14)
  A necromancer (D:15)
  3 manticores
  2 orc sorcerers
  54 deep elf magi
  A fire giant zombie (D:15)
  6 cyclopes
  7 ugly things
  2 worldbinders (Abyss:2)
  3 ice statues (IceCv)
  3 black mambas
  Joseph (D:7)
  A water nymph (shapeshifter) (Elf:1)
  A smoke demon (Abyss:2)
  A gargoyle (D:14)
  16 spiny frogs
  A spriggan zombie (D:15)
  2 rime drakes (Lair:6)
  4 komodo dragons
  2 efreet
  A yaktaur zombie (D:15)
  A tormentor (Abyss:2)
  An anaconda simulacrum (IceCv)
  10 ice devils (IceCv)
  A harpy zombie (D:15)
  A polar bear (Lair:4)
  Prince Ribbit (D:5)
  14 hornets
  13 trolls
  An ettin zombie (D:15)
  7 tyrant leeches
  7 blink frogs
  7 bog bodies
  9 hippogriffs
  7 slime creatures
  3 water elementals
  A dire elephant simulacrum (IceCv)
  An ice dragon skeleton (Abyss:2)
  6 spriggans
  2 air elementals
  5 flying skulls (Abyss:2)
  2 shadows
  5 wraiths
  A black mamba zombie (Abyss:2)
  A ynoxinul (Abyss:2)
  3 wyverns
  4 fire elementals (Orc:2)
  3 hogs (D:8)
  A human (D:8)
  63 yaks
  A chaos spawn (Abyss:2)
  4 basilisks
  A steam dragon (D:9)
  Grum (D:8)
  A neqoxec (Abyss:2)
  5 hungry ghosts
  31 vampire mosquitoes
  Menkaure (D:7)
  A black mamba skeleton (Abyss:2)
  2 harpy simulacra (IceCv)
  An iron troll simulacrum (IceCv)
  11 insubstantial wisps
  18 swamp worms
  A warg (Orc:1)
  A spatial vortex (Abyss:2)
  An acid dragon (D:12)
  13 water moccasins
  4 hydra simulacra (IceCv)
  4 porcupines
  2 hell hounds (Orc:2)
  15 swamp drakes
  2 sky beasts
  An ettin simulacrum (IceCv)
  22 orc warriors
  5 ice beasts
  4 black bears
  A necrophage (D:6)
  26 ogres
  3 phantoms
  7 wolves
  17 centaurs
  8 crocodiles
  8 bullfrogs
  4 big kobolds
  2 earth elementals (Elf:2)
  A wyvern skeleton (D:15)
  2 water moccasin skeletons
  5 scorpions
  6 killer bees
  17 wights
  8 howler monkeys
  2 electric eels
  A vampire bat (D:12)
  7 crimson imps
  A bullfrog zombie (D:12)
  4 quasits
  6 jellies
  3 bullfrog skeletons
  5 hounds
  21 orc priests
  20 orc wizards
  4 centaur skeletons
  6 iguanas
  10 worker ants
  A killer bee zombie (D:8)
  4 big kobold zombies (Ossuary)
  3 mummies
  A hound skeleton (D:7)
  A howler monkey zombie (D:10)
  A worker ant zombie (D:6)
  10 adders
  4 gnolls (D:6)
  2 howler monkey skeletons
  3 shadow imps
  4 oozes (Lair:6)
  2 adder skeletons
  2 worms
  3 dart slugs
  5 leopard geckos
  92 orcs
  A ball python (D:1)
  14 bats
  2 giant cockroaches
  3 gnoll zombies (Ossuary)
  15 goblins
  8 hobgoblins
  21 jackals
  24 kobolds
  3 quokkas
  6 frilled lizards
  3 goblin zombies (Ossuary)
  3 hobgoblin zombies
  A kobold zombie (D:6)
  2 orc zombies (Ossuary)
  A quokka zombie (D:6)
  21 rats
  A bush (Lair:2)
  A butterfly (Lair:2)
  2 crawling corpses (Elf:1)
  25 fungi
  12 plants
  2 withered plants (D:6)
1193 creatures vanquished.

Vanquished Creatures (collateral kills)
  the Lernaean hydra (Swamp:4)
  A hydra (Swamp:4)
  A two-headed ogre (Orc:2)
  A swamp dragon (Swamp:4)
  A cyclops (Orc:2)
  2 hornets (Swamp:4)
  2 spriggans (Swamp:4)
  A swamp drake (Swamp:4)
10 creatures vanquished.

Vanquished Creatures (others)
  A deep elf knight (Elf:2)
  3 deep elf archers
  2 deep elf magi
  A yaktaur (D:14)
  A human (D:14)
  A swamp worm (Swamp:4)
  5 centaurs
  2 orc priests (Elf:1)
  An orc (D:12)
  17 fungi
  5 plants
  A withered plant (D:15)
40 creatures vanquished.

Grand Total: 1243 creatures vanquished

Notes
Turn   | Place    | Note
-------+----------+-------------------------------------------
     0 | D:1      | Dorkslayer the Minotaur Fighter began the quest for the Orb.
     0 | D:1      | Reached XP level 1. HP: 19/19 MP: 0/0
   135 | D:1      | Reached XP level 2. HP: 24/27 MP: 1/1
   215 | D:1      | Reached skill level 4 in Shields
   506 | D:1      | Reached XP level 3. HP: 33/33 MP: 2/2
   870 | D:2      | Found a blossoming altar of Fedhas.
  1155 | D:2      | Reached XP level 4. HP: 38/40 MP: 3/3
  2076 | D:3      | Reached XP level 5. HP: 38/46 MP: 4/4
  2508 | D:3      | Gained mutation: Your muscles are strong. (Str +2) [potion of mutation]
  2508 | D:3      | Gained mutation: You possess an exceptional clarity of mind. [potion of mutation]
  2593 | D:4      | Noticed an ogre
  2598 | D:4      | Killed an ogre
  2598 | D:4      | Reached skill level 1 in Dodging
  2598 | D:4      | Reached skill level 5 in Shields
  2683 | D:4      | Reached XP level 6. HP: 40/53 MP: 5/5
  2740 | D:4      | Reached skill level 5 in Axes
  2759 | D:4      | Found a staircase to the Ecumenical Temple.
  2767 | D:4      | Reached skill level 5 in Armour
  2813 | D:4      | Found a shattered altar of Ashenzari.
  2830 | Temple   | Entered the Ecumenical Temple
  2850 | Temple   | Became a worshipper of the Shining One
  2885 | D:4      | Noticed a sky beast
  2906 | D:4      | Killed a sky beast
  3360 | D:5      | Entered Level 5 of the Dungeon
  3488 | D:5      | Reached XP level 7. HP: 60/60 MP: 6/6
  3519 | D:5      | Reached skill level 5 in Fighting
  3519 | D:5      | Reached skill level 6 in Shields
  3608 | D:5      | Found a sparkling altar of Nemelex Xobeh.
  3614 | D:5      | Found a shadowy altar of Dithmenos.
  3633 | D:5      | Got a coiled steel ring
  3781 | D:5      | Reached * piety under the Shining One
  3819 | D:5      | Found a glowing drain.
  3820 | D:5      | Noticed Prince Ribbit
  3834 | Sewer    | Entered a sewer
  3927 | Sewer    | Found a white marble altar of Elyvilon.
  4001 | D:5      | Killed Prince Ribbit
  4001 | D:5      | Reached XP level 8. HP: 60/68 MP: 7/7
  4422 | D:6      | Found a sacrificial altar of Ru.
  4534 | D:6      | Found a sand-covered staircase.
  4541 | Ossuary  | Entered an ossuary
  4555 | Ossuary  | Reached ** piety under the Shining One
  4790 | D:6      | Found Tysyrach's Antique Weapon Emporium.
  4803 | D:6      | Reached *** piety under the Shining One
  4815 | D:6      | Reached skill level 1 in Evocations
  4816 | D:6      | Found an ancient bone altar of Kikubaaqudgha.
  4818 | D:6      | Reached skill level 1 in Throwing
  4856 | D:6      | Found a basalt altar of Yredelemnul.
  4863 | D:6      | Got a coiled wooden ring
  4916 | D:6      | Identified the ring of Antuad Qilo {rF+ EV+4 Int+2} (You found it on level 5 of the Dungeon)
  4918 | D:6      | Identified the ring "Raso" {AC+2 Str+4} (You found it on level 6 of the Dungeon)
  5041 | D:6      | Reached skill level 1 in Invocations
  5222 | D:7      | Noticed Caerwyn's ghost (novice FoFi)
  5259 | D:7      | Killed Caerwyn's ghost
  5259 | D:7      | Reached skill level 7 in Shields
  5259 | D:7      | Reached XP level 9. HP: 48/75 MP: 9/9
  5500 | D:7      | Found a shattered altar of Ashenzari.
  5685 | D:7      | Noticed Joseph
  5701 | D:7      | Killed Joseph
  5722 | D:7      | Reached **** piety under the Shining One
  5733 | D:7      | Noticed Menkaure
  5736 | D:7      | Killed Menkaure
  6099 | D:8      | Reached skill level 10 in Axes
  6109 | D:8      | Reached XP level 10. HP: 84/84 MP: 11/11
  6260 | D:8      | Noticed Grum
  6271 | D:8      | Killed Grum
  6359 | D:8      | Noticed Erica
  6363 | D:8      | Noticed a two-headed ogre
  6372 | D:8      | Killed Erica
  6373 | D:8      | Killed a two-headed ogre
  6373 | D:8      | Reached skill level 5 in Dodging
  6373 | D:8      | Reached skill level 8 in Shields
  6598 | D:8      | Found a hide-covered altar of Uskayaw.
  6599 | D:8      | Found a white marble altar of Elyvilon.
  6603 | D:8      | Found a hazy altar of Hepliaklqana.
  6603 | D:8      | Found a shimmering altar of Xom.
  6893 | D:8      | You fall through a shaft!
  7141 | D:9      | Found a burning altar of Makhleb.
  7334 | D:8      | Found an iron altar of Okawaru.
  7393 | D:9      | Found an iron altar of Okawaru.
  7559 | D:9      | Reached XP level 11. HP: 92/92 MP: 13/13
  7660 | D:9      | Reached ***** piety under the Shining One
  7727 | D:9      | Found an ornate altar of the Wu Jian Council.
  7755 | D:9      | Found a bloodstained altar of Trog.
  7818 | D:10     | Entered Level 10 of the Dungeon
  7861 | D:10     | Noticed a two-headed ogre
  7872 | D:10     | Killed a two-headed ogre
  8125 | D:10     | Reached skill level 5 in Evocations
  8132 | D:10     | Reached skill level 5 in Invocations
  8600 | D:10     | Reached skill level 9 in Shields
  8605 | D:10     | Found a staircase to the Lair.
  8913 | D:11     | Got a transparent garnet amulet
  8917 | D:11     | Identified the amulet "Pocoggocw" {Reflect MR- Str+6 SH+5} (You found it on level 11 of the Dungeon)
  9012 | D:11     | Noticed a two-headed ogre
  9019 | D:11     | Killed a two-headed ogre
  9222 | D:11     | Noticed a two-headed ogre
  9227 | D:11     | Reached skill level 5 in Throwing
  9229 | D:11     | Killed a two-headed ogre
  9252 | D:11     | Noticed a red ugly thing
  9262 | D:11     | Killed a red ugly thing
  9534 | D:11     | Noticed a cyan ugly thing
  9535 | D:11     | Noticed a brown ugly thing
  9545 | D:11     | Killed a cyan ugly thing
  9552 | D:11     | Killed a cyan ugly thing
  9552 | D:11     | Reached skill level 10 in Shields
  9552 | D:11     | Reached XP level 12. HP: 37/101 MP: 15/15
 10340 | D:12     | Reached ****** piety under the Shining One
 10450 | D:12     | Reached skill level 11 in Shields
 10554 | D:12     | Found a staircase to the Orcish Mines.
 10732 | Orc:1    | Entered Level 1 of the Orcish Mines
 10928 | Orc:1    | Noticed a two-headed ogre
 10933 | Orc:1    | Killed a two-headed ogre
 10998 | Orc:2    | Entered Level 2 of the Orcish Mines
 11062 | Orc:2    | Found a labyrinth entrance.
 11071 | Lab      | Entered a labyrinth
 11883 | Lab      | Noticed a minotaur
 11893 | Lab      | Killed a minotaur
 11902 | Lab      | Identified Foblefyu's Grimoire of Earthen Combat Magic
 11941 | Orc:1    | Noticed Nergalle
 11947 | Orc:1    | Identified a +7 war axe of holy wrath (a +5 war axe blessed by the Shining One)
 11947 | Orc:1    | Received a gift from the Shining One
 11955 | Orc:1    | Killed Nergalle
 11971 | Orc:1    | Noticed an orc high priest
 11978 | Orc:1    | Killed an orc high priest
 12004 | Orc:1    | Reached XP level 13. HP: 85/110 MP: 17/17
 12172 | Orc:2    | Noticed Erolcha
 12177 | Orc:2    | Killed Erolcha
 12293 | Orc:2    | Noticed Azrael
 12298 | Orc:2    | Noticed Rupert
 12299 | Orc:2    | Killed Azrael
 12299 | Orc:2    | Reached skill level 12 in Shields
 12304 | Orc:2    | Paralysed by Rupert for 3 turns
 12307 | Orc:2    | Noticed LordChaos's ghost (journeyman HOBe)
 12321 | Orc:2    | Killed LordChaos's ghost
 12325 | Orc:2    | Killed Rupert
 12359 | Orc:2    | Found a staircase to the Elven Halls.
 12363 | Orc:2    | Found Deheh's Jewellery Emporium.
 12374 | Orc:2    | Noticed Nessos
 12990 | Orc:2    | Reached skill level 13 in Shields
 13168 | Orc:2    | Found Arymeat's Antique Armour Shop.
 13168 | Orc:2    | Found Yfup's Distillery.
 13185 | Orc:2    | Found Juluzeon's Armour Shoppe.
 13197 | Orc:2    | Bought a potion of curing for 48 gold pieces
 13197 | Orc:2    | Bought a potion of haste for 160 gold pieces
 13197 | Orc:2    | Bought a potion of curing for 48 gold pieces
 13197 | Orc:2    | Bought a potion of curing for 48 gold pieces
 13254 | Orc:2    | Bought a heavily runed cloak for 313 gold pieces
 13264 | Orc:2    | Identified the -5 cloak of Leapfrog {MR+} (You bought it in a shop on level 2 of the Orcish Mines)
 13654 | D:13     | Reached XP level 14. HP: 80/119 MP: 19/19
 13870 | D:13     | Reached skill level 1 in Long Blades
 14703 | D:14     | Reached skill level 15 in Axes
 14708 | D:14     | Reached skill level 10 in Fighting
 14865 | D:14     | Found a gate to the Vaults.
 14909 | D:14     | Reached skill level 14 in Shields
 15157 | D:15     | Entered Level 15 of the Dungeon
 15403 | D:15     | Found a staircase to the Depths.
 15609 | D:15     | Got an encrusted trident
 15610 | D:15     | Identified the +11 trident "Kumal" {pierce, Str+4 Int+3} (You found it on level 15 of the Dungeon)
 15706 | D:15     | Noticed Agnes
 15714 | D:15     | Killed Agnes
 15714 | D:15     | Reached skill level 10 in Armour
 15714 | D:15     | Reached XP level 15. HP: 73/128 MP: 21/21
 16199 | Elf:1    | Entered Level 1 of the Elven Halls
 16303 | Elf:1    | Reached skill level 1 in Polearms
 16673 | Elf:1    | Reached skill level 10 in Invocations
 16684 | Elf:1    | Reached skill level 15 in Shields
 16789 | Elf:1    | Identified the Collected Works on Nocuous Bewitchment
 17281 | Elf:2    | Found a frozen archway.
 17305 | IceCv    | Entered an ice cave
 17639 | IceCv    | Noticed an Ice Fiend
 17641 | IceCv    | Found the +3 crown of Dyrovepreva {rElec Int+2 SInv}
 17657 | IceCv    | Killed an Ice Fiend
 18136 | Elf:2    | Reached XP level 16. HP: 138/138 MP: 22/22
 18522 | Elf:2    | Found a portal to a secret trove of treasure.
 18810 | Elf:2    | Found a huge runed gate.
 18810 | Elf:2    | Found a huge runed gate.
 18810 | Elf:2    | Found a huge runed gate.
 18810 | Elf:2    | Found a huge runed gate.
 18811 | Elf:2    | Found a huge runed gate.
 19074 | Elf:3    | Entered Level 3 of the Elven Halls
 19570 | Elf:3    | Found Reufikk's General Store.
 19590 | Elf:3    | Bought a potion of curing for 45 gold pieces
 19892 | Elf:3    | Reached skill level 16 in Shields
 20239 | Elf:3    | Noticed Mara
 20243 | Elf:3    | Noticed Dorkslayer's illusion
 20264 | Elf:3    | Killed Mara
 20291 | Elf:3    | Noticed a deep elf blademaster
 20295 | Elf:3    | Noticed a deep elf master archer
 20307 | Elf:3    | Killed a deep elf blademaster
 20329 | Elf:3    | Noticed a Brimstone Fiend
 20494 | Elf:3    | Noticed a deep elf master archer
 20516 | Elf:3    | Killed a deep elf master archer
 20526 | Elf:3    | Reached XP level 17. HP: 136/148 MP: 24/24
 20541 | Elf:3    | Got a smoking battleaxe {chop}
 20563 | Elf:3    | Killed a deep elf master archer
 20565 | Elf:3    | Got a twitching amber ring
 20570 | Elf:3    | Got a heavily runed chain mail
 20623 | Elf:3    | Identified the +5 chain mail of Vanity {rN+ rCorr} (You took it off a deep elf master archer on level 3 of the Elven Halls)
 20644 | Elf:3    | Identified the ring "Tuaratiq" {rF- rC+++ MP+9 AC+4} (You took it off a deep elf master archer on level 3 of the Elven Halls)
 20652 | Elf:3    | Identified the +5 battleaxe of Yczoor {chop, Stlth+} (You took it off a deep elf death mage on level 3 of the Elven Halls)
 21032 | Elf:3    | Cast into level 2 of the Abyss (a deep elf sorcerer)
 21131 | Abyss:2  | Noticed a Hell Sentinel
 21144 | Abyss:2  | Killed a Hell Sentinel
 21189 | Abyss:2  | Gained mutation: You occasionally shout uncontrollably at your foes. [a neqoxec]
 21377 | Abyss:2  | Reached skill level 17 in Shields
 21387 | Elf:3    | Escaped the Abyss
 21388 | Elf:3    | Noticed a deep elf blademaster
 21398 | Elf:3    | Killed a deep elf blademaster
 21721 | Elf:3    | Identified the Disquisition on Weightlessness
 22210 | Elf:2    | Reached skill level 18 in Shields
 22692 | Lair:1   | Entered Level 1 of the Lair of Beasts
 23771 | Lair:2   | Found a hole to the Spider Nest.
 24355 | Lair:3   | Found a staircase to the Swamp.
 25245 | Lair:4   | Reached XP level 18. HP: 158/158 MP: 25/25
 25299 | Lair:4   | Identified 2 scrolls of acquirement
 25301 | Lair:4   | Got a pair of twisted boots
 25312 | Lair:4   | Identified the -1 pair of boots "Poewisch" {rN+ Int+4 Slay-3} (You acquired it on level 4 of the Lair of Beasts)
 25751 | Lair:4   | Upgraded the game from 0.21-a0-421-gfc1ce30 to 0.21-a0-426-g98080a9
 25805 | Lair:5   | Reached skill level 10 in Evocations
 26230 | Lair:5   | Noticed Josephine
 26237 | Lair:5   | Killed Josephine
 26385 | Lair:6   | Entered Level 6 of the Lair of Beasts
 26581 | Lair:6   | Found a staircase to the Slime Pits.
 26826 | Lair:6   | Reached skill level 19 in Shields
 27223 | Lair:6   | Identified the Handbook of Darkness
 27650 | Swamp:1  | Entered Level 1 of the Swamp
 27651 | Swamp:1  | Noticed Donald
 27669 | Swamp:1  | Killed Donald
 29101 | Swamp:3  | Noticed Aizul
 29121 | Swamp:3  | Killed Aizul
 29300 | Swamp:3  | Found the +15 Maxwell's patent armour {-Cast -Tele rElec MR+ rCorr}
 29418 | Swamp:3  | Reached skill level 20 in Shields
 29691 | Swamp:3  | Noticed Nikola
 29706 | Swamp:3  | Killed Nikola
 29821 | Swamp:4  | Entered Level 4 of the Swamp
 30161 | Swamp:4  | Noticed the 27-headed Lernaean hydra
 30162 | Swamp:4  | Killed the 27-headed Lernaean hydra
 30275 | Swamp:4  | Reached XP level 19. HP: 119/168 MP: 26/26
 30351 | Swamp:4  | HP: 8/168 [poison (poison gas)]
 30356 | Swamp:4  | HP: 4/168 [poison (poison gas)]
 30360 | Swamp:4  | HP: 1/168 [poison (poison gas)]
 30363 | Swamp:4  | Succumbed to poison (poison gas)

Vault maps used:
D:1:      dpeg_arrival_ratfight
D:2:      lemuel_crystal_altar, first_bread
D:4:      minmay_temple_entry_overgrown, minmay_misc_feat_room,
          ashenzari_altar_1
D:5:      cheibrodos_quashed, nemelex_xobeh_ov_fountains_minmay,
          overflow_temple_1_default, cheibrodos_sewer_entry_bend,
          kennysheep_dice, uniq_prince_ribbit1
D:6:      yredelemnul_altar_generic, kiku_gazebo_garden_becter, basic_altar,
          nicolae_ossuary_entry_giza, serial_shops, kennysheep_mini_moat,
          hex_tiny
D:7:      lemuel_coloured_pillars_altar, uniq_menkaure, uniq_joseph
D:8:      okawaru_metal_pillars_1_2, chequers_temple_overflow_statue_of_worship,
          grunt_livestock, uniq_erica, uniq_grum
D:9:      kennysheep_little_box, lightli_temple_of_fire,
          hangedman_feature_mirror
D:10:     minmay_goldmine, grunt_lair_entry_orc_guard_hut
D:12:     orc_0_dummy, roderic_batcave, minmay_misc_feat_cross
D:14:     grunt_vaults_entry_fortified, minivault_25
D:15:     gammafunk_depths_entry_grave, serial_bayou_ford_a, uniq_agnes
Temple:   compressed_dpeg_triangle_lava_temple
Lair:1:   lemuel_fruit_fields
Lair:2:   spider_nest_entry_rubble, lemuel_fruit_fields,
          infiniplex_staircase_pool
Lair:3:   minmay_swamp_entry_reptiles
Lair:5:   uniq_josephine
Lair:6:   hangedman_lair_in_review, nicolae_slime_entry_slimehenge,
          serial_bayou_shore_b
Swamp:1:  serial_swamp_ruin, evilmike_swamp_ruin_house_1,
          evilmike_swamp_ruin_house_4, uniq_donald
Swamp:2:  evilmike_swamp_ruin_house_6, swamp_pool3
Swamp:3:  hangedman_swamp_ruin_wall, swamp_pool4, uniq_nikola, uniq_aizul
Swamp:4:  swamp_old_school
Orc:1:    uniq_nergalle
Orc:2:    st_orc_open, lab_entry_generic, uniq_nessos, uniq_azrael,
          uniq_erolcha, uniq_rupert
Elf:1:    serial_glass, glass_columns_b, glass_columns_b, orc_legates
Elf:2:    nicolae_trove_entry_columns, portal_ice_cave_entry_pillars_1,
          serial_corexii_hall, corexii_hall_statues_x, corexii_hall_statues_i
Elf:3:    elf_hall_gauntlet_narrow, serial_shops,
          nicolae_shop_competitors_out_of_business, uniq_mara
Lab:      labyrinth_spiral
Sewer:    sewer_kobolds
Ossuary:  minmay_ossuary_gauntlet
IceCv:    ice_cave_tombish

Skill      XL: |  1  2  3  4  5  6  7  8  9 10 11 12 13 14 15 16 17 18 19 |
---------------+----------------------------------------------------------+-----
Shields        | 4 5 6 7 8 10 11 13 14 15 16 18 20 | 20.7
Axes           | 3 4 5 7 9 10 11 12 13 14 16 17 18 | 18.3
Armour         | 4 5 6 7 8 9 10 11 13 14 | 14.1
Fighting       | 4 5 6 7 8 9 10 11 12 13 14 | 14.5
Dodging        | 1 3 4 5 6 8 9 |  9.0
Evocations     | 2 3 4 5 6 8 9 10 11 | 11.0
Throwing       | 2 3 4 5 6 7 8 |  8.3
Invocations    | 2 3 4 6 7 8 9 10 | 10.9
Long Blades    | 2 |  2.6
Polearms       | 2 |  2.3

Action                   |  1- 3 |  4- 6 |  7- 9 | 10-12 | 13-15 | 16-18 | 19-21 || total
-------------------------+-------+-------+-------+-------+-------+-------+-------++-------
Melee: War axe           |   138 |   178 |   225 |   526 |   465 |  1141 |    32 ||  2705
       Headbutt          |    16 |    22 |    43 |   126 |   176 |   354 |    12 ||   749
       Scimitar          |       |       |       |       |    62 |       |       ||    62
       Trident           |       |       |       |       |    11 |   148 |     1 ||   160
Throw: Javelin           |       |       |    11 |    54 |    62 |    10 |       ||   137
       Tomahawk          |       |       |       |     7 |    96 |    32 |       ||   135
Invok: Divine Shield     |       |       |       |     2 |     1 |     1 |       ||     4
       Cleansing Flame   |       |       |       |     1 |     1 |     3 |       ||     5
       Brand Weapon With |       |       |       |     1 |       |       |       ||     1
       Summon Divine War |       |       |       |       |     1 |       |       ||     1
Evoke: Wand              |       |       |     6 |     4 |     9 |    17 |     3 ||    39
       Sack of spiders   |       |       |       |       |     3 |     1 |       ||     4
       Lamp of fire      |       |       |       |       |     3 |     4 |       ||     7
       Fan of gales      |       |       |       |       |       |     1 |       ||     1
       Lightning rod     |       |       |       |       |       |     1 |     3 ||     4
       Phantom mirror    |       |       |       |       |       |     1 |       ||     1
  Use: Scroll            |     3 |     9 |     2 |    20 |     6 |    21 |       ||    61
       Potion            |       |     2 |     4 |     1 |     9 |     6 |    10 ||    32
  Eat: Chunk             |     1 |     6 |     4 |    18 |     9 |    15 |       ||    53
       Fruit             |       |     3 |     2 |       |     6 |    12 |       ||    23
       Royal jelly       |       |       |     1 |     2 |     2 |     7 |     1 ||    13
       Bread ration      |       |       |       |       |     1 |       |       ||     1
Armor: Scale mail        |    22 |       |       |       |       |       |       ||    22
       Chain mail        |    60 |    59 |       |       |       |       |       ||   119
       Plate armour      |       |    17 |    97 |   104 |   132 |    10 |       ||   360
       Crystal plate arm |       |       |       |       |       |   293 |    22 ||   315
Dodge: Dodged            |    34 |    39 |    45 |   164 |   164 |   208 |    19 ||   673
Block: Shield            |    93 |    92 |   120 |   375 |   269 |   178 |       ||  1127
       Reflection        |       |       |       |    31 |    59 |    54 |     1 ||   145
       Buckler           |       |       |       |       |   150 |       |       ||   150
       Large shield      |       |       |       |       |       |   850 |    61 ||   911
       Rpst.: Scimitar   |       |       |       |       |     9 |       |       ||     9

Table legend:
 A = Spawn XP
 B = Non-spawn XP
 C = Spawn XP percentage of total XP
 D = Spawn monster count
 E = Non-spawn monster count
 F = Spawn count percentage of total count
 G = Total turns spent on level
                    A         B        C        D         E        F      G
               +---------+---------+-------+---------+---------+-------+---------
         Total |    5521 |  381908 |   1.4 |      17 |    1157 |   1.4 | 30363
               +---------+---------+-------+---------+---------+-------+---------
           D:1 |       0 |      48 |   0.0 |       0 |      29 |   0.0 |   803
           D:2 |       0 |      94 |   0.0 |       0 |      33 |   0.0 |   969
           D:3 |       0 |      86 |   0.0 |       0 |      32 |   0.0 |   780
           D:4 |       0 |     503 |   0.0 |       0 |      17 |   0.0 |   780
           D:5 |       0 |     679 |   0.0 |       0 |      13 |   0.0 |   902
           D:6 |       0 |     752 |   0.0 |       0 |      31 |   0.0 |   695
           D:7 |       0 |    2148 |   0.0 |       0 |      19 |   0.0 |   838
           D:8 |       0 |    4163 |   0.0 |       0 |      28 |   0.0 |  1037
           D:9 |       0 |    3049 |   0.0 |       0 |      47 |   0.0 |   721
          D:10 |       0 |    4568 |   0.0 |       0 |      49 |   0.0 |  1088
          D:11 |       0 |    6976 |   0.0 |       0 |      34 |   0.0 |  1005
          D:12 |       0 |    7806 |   0.0 |       0 |      56 |   0.0 |  1019
          D:13 |       0 |    9702 |   0.0 |       0 |      45 |   0.0 |   825
          D:14 |       0 |   13391 |   0.0 |       0 |      38 |   0.0 |   848
          D:15 |       0 |   20252 |   0.0 |       0 |      45 |   0.0 |   819
        Lair:1 |       0 |    3192 |   0.0 |       0 |      12 |   0.0 |   887
        Lair:2 |       0 |    2992 |   0.0 |       0 |      12 |   0.0 |   716
        Lair:3 |       0 |   11068 |   0.0 |       0 |      34 |   0.0 |   770
        Lair:4 |       0 |     849 |   0.0 |       0 |       5 |   0.0 |   789
        Lair:5 |       0 |    5731 |   0.0 |       0 |      17 |   0.0 |   627
        Lair:6 |       0 |   21761 |   0.0 |       0 |      59 |   0.0 |  1169
       Swamp:1 |       0 |   13561 |   0.0 |       0 |      37 |   0.0 |   815
       Swamp:2 |       0 |    7003 |   0.0 |       0 |      22 |   0.0 |   568
       Swamp:3 |       0 |   19822 |   0.0 |       0 |      42 |   0.0 |   928
       Swamp:4 |       0 |   29028 |   0.0 |       0 |      57 |   0.0 |   402
         Orc:1 |       0 |    5946 |   0.0 |       0 |      46 |   0.0 |   997
         Orc:2 |       0 |   24389 |   0.0 |       0 |      67 |   0.0 |  1155
         Elf:1 |       0 |   31516 |   0.0 |       0 |      56 |   0.0 |  1142
         Elf:2 |       0 |   42629 |   0.0 |       0 |      58 |   0.0 |  1830
         Elf:3 |       0 |   68810 |   0.0 |       0 |      57 |   0.0 |  2298
       Abyss:2 |    5521 |    8819 |  38.5 |      17 |       9 |  65.4 |   355
           Lab |       0 |    1091 |   0.0 |       0 |       1 |   0.0 |   857
         Sewer |       0 |     106 |   0.0 |       0 |      10 |   0.0 |   154
       Ossuary |       0 |     147 |   0.0 |       0 |      16 |   0.0 |   111
         IceCv |       0 |    9231 |   0.0 |       0 |      24 |   0.0 |   636
               +---------+---------+-------+---------+---------+-------+---------
